TOP OF THE 1ST |
West Virginia Power batting - Pitching for Gainesville Guidos : RHP Steve Sousa
|
Pitching: RHP Steve Sousa
|
|
Batting: RHB Luis Quezada
|
0-0: Ball 1-0: Ball 2-0: SINGLE (Groundball, 4MD)
|
Batting: RHB Javier Peña
|
0-0: Swinging Strike 0-1: Called Strike 0-2: Foul Ball, location: 2F 0-2: Ball 1-2: Ball 2-2: Ground out 3-1 (Groundball, 34S) Luis Quezada to second
|
Batting: LHB Phil Neal
|
0-0: Ball 1-0: Ball 2-0: Ball 3-0: Called Strike 3-1: Called Strike 3-2: Base on Balls
|
Batting: RHB Tony Parker
|
0-0: Swinging Strike 0-1: Called Strike 0-2: Strikes out swinging
|
Batting: LHB Wally Harris
|
0-0: Ball 1-0: Ball 2-0: Foul Ball, location: 2F 2-1: Ball 3-1: Base on Balls Luis Quezada to third Phil Neal to second
|
Batting: SHB Waylon Adams
|
0-0: SINGLE (Line Drive, 4MD) Luis Quezada scores Phil Neal to third Wally Harris to second Runner from 3rd tries for Home, SAFE, throw made home Wally Harris to third Waylon Adams to second
|
Batting: LHB Júlio Martínez
|
0-0: SINGLE (Groundball, 34D) Wally Harris scores Waylon Adams to third
|
Batting: RHB Martín López
|
0-0: Ball 1-0: Foul Ball, location: 2F 1-1: Foul Ball, location: 2F 1-2: Ball 2-2: Foul Ball, location: 2F 2-2: Strikes out looking
|
Top of the 1st over - 3 run(s), 3 hit(s), 0 error(s), 2 left on base; West Virginia 3 - Gainesville 0 |
BOTTOM OF THE 1ST |
Gainesville Guidos batting - Pitching for West Virginia Power : RHP Luis García
|
Pitching: RHP Luis García
|
|
Batting: SHB Cornell Payne
|
0-0: Ball 1-0: Foul Ball, location: 2F 1-1: Ball 2-1: Foul Ball, location: 2F 2-2: Ball 3-2: Base on Balls
|
Batting: RHB Dave Hall
|
0-0: Ball 1-0: Ball 2-0: Ball 3-0: Base on Balls Cornell Payne to second
|
Batting: RHB Kyle O'Day
|
0-0: Foul Ball, location: 2F 0-1: Foul Ball, location: 2F 0-2: Foul Ball, location: 2F 0-2: Ball 1-2: 3-RUN HOME RUN (Flyball, 7LD), Distance : 342 ft
|
Batting: RHB Augusto Baca
|
0-0: Ball 1-0: Ground out 6-3 (Groundball, 6)
|
Batting: RHB Denver Baker
|
0-0: Ball 1-0: Called Strike 1-1: Ball 2-1: Foul Ball, location: 2F 2-2: Ball 3-2: Base on Balls
|
Batting: LHB Mark Owens
|
0-0: Swinging Strike 0-1: Ball 1-1: 2-RUN HOME RUN (Flyball, 9D), Distance : 362 ft
|
Batting: RHB Adrián López
|
0-0: Ball 1-0: SINGLE (Line Drive, 4)
|
Batting: LHB Eddy Jefferson
|
0-0: Fly out, F8 (Flyball, 8LM)
|
Batting: SHB António Ramírez
|
0-0: Ball 1-0: Ball 2-0: Called Strike 2-1: Ball 3-1: Base on Balls Adrián López to second
|
Batting: SHB Cornell Payne
|
0-0: Fly out, F7 (Flyball, 7LS)
|
Bottom of the 1st over - 5 run(s), 3 hit(s), 0 error(s), 2 left on base; West Virginia 3 - Gainesville 5 |
TOP OF THE 2ND |
West Virginia Power batting - Pitching for Gainesville Guidos : RHP Steve Sousa
|
Batting: LHB Burt Ward
|
0-0: Ball 1-0: Foul Ball, location: 2F 1-1: Foul Ball, location: 2F 1-2: Foul Ball, location: 2F 1-2: Ball 2-2: Ball 3-2: Ground out 4-3 (Groundball, 4)
|
Batting: RHB Luis Quezada
|
0-0: Called Strike 0-1: Called Strike 0-2: Fly out, F9 (Line Drive, 9)
|
Batting: RHB Javier Peña
|
0-0: Ball 1-0: Ball 2-0: SINGLE (Line Drive, 7S)
|
Batting: LHB Phil Neal
|
0-0: SINGLE (Groundball, 34D) Javier Peña to second Runner from 2nd tries for 3rd, SAFE, no throw
|
Batting: RHB Tony Parker
|
0-0: Foul Ball, location: 2F 0-1: Swinging Strike 0-2: Ball 1-2: Strikes out swinging
|
Top of the 2nd over - 0 run(s), 2 hit(s), 0 error(s), 2 left on base; West Virginia 3 - Gainesville 5 |
BOTTOM OF THE 2ND |
Gainesville Guidos batting - Pitching for West Virginia Power : RHP Luis García
|
Batting: RHB Dave Hall
|
0-0: Ball 1-0: Fly out, F4 (Popup, 4D)
|
Batting: RHB Kyle O'Day
|
0-0: Ball 1-0: Ball 2-0: Fly out, F9 (Flyball, 9LS)
|
Batting: RHB Augusto Baca
|
0-0: Ground out 4-3 (Groundball, 4MD)
|
Bottom of the 2nd over - 0 run(s), 0 hit(s), 0 error(s), 0 left on base; West Virginia 3 - Gainesville 5 |
TOP OF THE 3RD |
West Virginia Power batting - Pitching for Gainesville Guidos : RHP Steve Sousa
|
Batting: LHB Wally Harris
|
0-0: Ball 1-0: Ball 2-0: Called Strike 2-1: Ground out 6-3 (Groundball, 6)
|
Batting: SHB Waylon Adams
|
0-0: Called Strike 0-1: SINGLE (Groundball, 4D)
|
Batting: LHB Júlio Martínez
|
0-0: Ball 1-0: Ball 2-0: Ball 3-0: Called Strike 3-1: Base on Balls Waylon Adams to second
|
Batting: RHB Martín López
|
0-0: Foul Ball, location: 2F 0-1: Ball 1-1: Swinging Strike 1-2: Foul Ball, location: 2F 1-2: Strikes out swinging
|
Batting: LHB Burt Ward
|
0-0: Ball 1-0: Foul Ball, location: 2F 1-1: Foul Ball, location: 2F 1-2: Foul Ball, location: 2F 1-2: Ball 2-2: Ball 3-2: Foul Ball, location: 2F 3-2: Fly out, F9 (Flyball, 9)
|
Top of the 3rd over - 0 run(s), 1 hit(s), 0 error(s), 2 left on base; West Virginia 3 - Gainesville 5 |
BOTTOM OF THE 3RD |
Gainesville Guidos batting - Pitching for West Virginia Power : RHP Luis García
|
Batting: RHB Denver Baker
|
0-0: Ball 1-0: Ball 2-0: Swinging Strike 2-1: Fly out, F9 (Line Drive, 9D)
|
Batting: LHB Mark Owens
|
0-0: Called Strike 0-1: Ball 1-1: Foul Ball, location: 2F 1-2: Ball 2-2: Foul Ball, location: 2F 2-2: SINGLE (Line Drive, 5L)
|
Pitching: RHP Drake Johnston
|
|
Batting: RHB Adrián López
|
0-0: Ball 1-0: Ball 2-0: Ball 3-0: Base on Balls Mark Owens to second
|
Batting: LHB Eddy Jefferson
|
0-0: Called Strike 0-1: Ball 1-1: Fielders Choice at 2nd, 3-6 (Groundball, 34) Mark Owens to third
|
Batting: SHB António Ramírez
|
0-0: Ball 1-0: SINGLE (Line Drive, 89S) Mark Owens scores Eddy Jefferson to second Runner from 2nd tries for 3rd, SAFE, throw made to third
|
Batting: SHB Cornell Payne
|
0-0: Ball 1-0: Called Strike 1-1: Foul Ball, location: 2F 1-2: Ball 2-2: Fielders Choice at 2nd, 6-4 (Groundball, 6)
|
Bottom of the 3rd over - 1 run(s), 2 hit(s), 0 error(s), 1 left on base; West Virginia 3 - Gainesville 6 |
TOP OF THE 4TH |
West Virginia Power batting - Pitching for Gainesville Guidos : RHP Steve Sousa
|
Batting: RHB Luis Quezada
|
0-0: Bunt - Flyout! F1
|
Batting: RHB Javier Peña
|
0-0: Ball 1-0: Ball 2-0: Ball 3-0: Base on Balls
|
Batting: LHB Phil Neal
|
0-0: Ball 1-0: 2-RUN HOME RUN (Flyball, 7LD), Distance : 355 ft
|
Batting: RHB Tony Parker
|
0-0: Called Strike 0-1: Ball 1-1: Ball 2-1: Ball 3-1: Base on Balls
|
Pitching: RHP Matt Johnston
|
|
Batting: LHB Wally Harris
|
0-0: Called Strike 0-1: Ball 1-1: Ball 2-1: Foul Ball, location: 2F 2-2: Ball 3-2: SINGLE (Line Drive, 8LS) Tony Parker to second
|
Batting: SHB Waylon Adams
|
0-0: Called Strike 0-1: Foul Ball, location: 2F 0-2: Strikes out swinging
|
Batting: LHB Júlio Martínez
|
0-0: SINGLE (Groundball, 4) (infield hit) Tony Parker to third Wally Harris to second
|
Batting: RHB Martín López
|
0-0: Ball 1-0: Swinging Strike 1-1: SINGLE (Groundball, 6D) Tony Parker scores Wally Harris to third Júlio Martínez to second Runner from 3rd tries for Home, SAFE, no throw
|
Batting: LHB Burt Ward
|
0-0: Ball 1-0: Ball 2-0: Called Strike 2-1: Ball 3-1: Base on Balls Júlio Martínez to third Martín López to second
|
Batting: RHB Luis Quezada
|
0-0: Ball 1-0: Ball 2-0: Ball 3-0: Base on Balls Júlio Martínez scores Martín López to third Burt Ward to second
|
Batting: RHB Javier Peña
|
0-0: Ball 1-0: Fly out, F8 (Flyball, 78D)
|
Top of the 4th over - 5 run(s), 4 hit(s), 0 error(s), 3 left on base; West Virginia 8 - Gainesville 6 |
BOTTOM OF THE 4TH |
Gainesville Guidos batting - Pitching for West Virginia Power : RHP Drake Johnston
|
Batting: RHB Dave Hall
|
0-0: Ball 1-0: Ball 2-0: Ball 3-0: Called Strike 3-1: Base on Balls
|
Batting: RHB Kyle O'Day
|
0-0: Called Strike 0-1: DOUBLE (Flyball, 9D) Dave Hall to third
|
Batting: RHB Augusto Baca
|
0-0: Called Strike 0-1: Ball 1-1: Called Strike 1-2: Ball 2-2: Ground out 6-3 (Groundball, 6) Dave Hall scores
|
Pitching: RHP António Córdova
|
|
Batting: RHB Denver Baker
|
0-0: Ball 1-0: Foul Ball, location: 2F 1-1: Fly out, F3 (Line Drive, 3)
|
Batting: LHB Mark Owens
|
0-0: Ball 1-0: Ball 2-0: Ball 3-0: Base on Balls
|
Batting: RHB Adrián López
|
0-0: Ball 1-0: Foul Ball, location: 2F 1-1: Foul Ball, location: 2F 1-2: Ball 2-2: Foul Ball, location: 2F 2-2: Strikes out looking
|
Bottom of the 4th over - 1 run(s), 1 hit(s), 0 error(s), 2 left on base; West Virginia 8 - Gainesville 7 |
TOP OF THE 5TH |
West Virginia Power batting - Pitching for Gainesville Guidos : RHP Matt Johnston
|
Batting: LHB Phil Neal
|
0-0: Ball 1-0: Called Strike 1-1: Swinging Strike 1-2: Strikes out swinging
|
Batting: RHB Tony Parker
|
0-0: Foul Ball, location: 2F 0-1: Ground out 1-5-3 (Groundball, 15S)
|
Batting: LHB Wally Harris
|
0-0: Ball 1-0: Called Strike 1-1: Swinging Strike 1-2: Ball 2-2: Strikes out swinging
|
Top of the 5th over - 0 run(s), 0 hit(s), 0 error(s), 0 left on base; West Virginia 8 - Gainesville 7 |
BOTTOM OF THE 5TH |
Gainesville Guidos batting - Pitching for West Virginia Power : RHP António Córdova
|
Batting: LHB Eddy Jefferson
|
0-0: Ball 1-0: Ball 2-0: Ball 3-0: Base on Balls
|
Batting: SHB António Ramírez
|
0-0: Ball 1-0: Ball Eddy Jefferson steals 2nd base 2-0: Ball 3-0: Called Strike 3-1: Foul Ball, location: 2F 3-2: Base on Balls
|
Batting: SHB Cornell Payne
|
0-0: Foul Ball, location: 2F 0-1: Called Strike Eddy Jefferson steals 3rd base António Ramírez to second 0-2: Ball 1-2: Ball 2-2: Ball 3-2: SINGLE (Line Drive, 9LS) Eddy Jefferson scores António Ramírez to third
|
Batting: RHB Dave Hall
|
0-0: Ball 1-0: Fielders Choice at 2nd, 4-6 (Groundball, 4) António Ramírez scores
|
Batting: RHB Kyle O'Day
|
0-0: Ball 1-0: Called Strike 1-1: Ball 2-1: Ball 3-1: Base on Balls Dave Hall to second
|
Batting: RHB Augusto Baca
|
0-0: Swinging Strike 0-1: Ball 1-1: DOUBLE (Flyball, 78XD) Dave Hall scores Kyle O'Day to third
|
Pitching: RHP Mark Osborne
|
|
Batting: RHB Denver Baker
|
0-0: Ball 1-0: Ball 2-0: Ball 3-0: Called Strike 3-1: Base on Balls
|
Batting: LHB Mark Owens
|
0-0: Ball 1-0: Foul Ball, location: 2F 1-1: Foul Ball, location: 2F 1-2: Foul Ball, location: 2F 1-2: Strikes out looking
|
Batting: RHB Adrián López
|
0-0: Called Strike 0-1: Ball 1-1: Ball 2-1: Ball 3-1: Ground out 6-3 (Groundball, 6MD)
|
Bottom of the 5th over - 3 run(s), 2 hit(s), 0 error(s), 3 left on base; West Virginia 8 - Gainesville 10 |
TOP OF THE 6TH |
West Virginia Power batting - Pitching for Gainesville Guidos : RHP Matt Johnston
|
Batting: SHB Waylon Adams
|
0-0: Ball 1-0: Swinging Strike 1-1: Foul Ball, location: 2F 1-2: Ball 2-2: Strikes out looking
|
Batting: LHB Júlio Martínez
|
0-0: Ball 1-0: Fly out, F8 (Flyball, 8RM)
|
Batting: RHB Martín López
|
0-0: Ball 1-0: Ball 2-0: Ball 3-0: Base on Balls
|
Batting: LHB Burt Ward
|
0-0: Called Strike 0-1: Ball 1-1: Ball 2-1: Ball 3-1: Foul Ball, location: 2F 3-2: Ground out 1-3 (Groundball, 15S)
|
Top of the 6th over - 0 run(s), 0 hit(s), 0 error(s), 1 left on base; West Virginia 8 - Gainesville 10 |
BOTTOM OF THE 6TH |
Gainesville Guidos batting - Pitching for West Virginia Power : RHP Mark Osborne
|
Batting: LHB Eddy Jefferson
|
0-0: Foul Ball, location: 2F 0-1: Ball 1-1: Foul Ball, location: 2F 1-2: Ball 2-2: Strikes out looking
|
Batting: SHB António Ramírez
|
0-0: Swinging Strike 0-1: Ball 1-1: Bunt missed! 1-2: SINGLE (Groundball, 34D)
|
Batting: SHB Cornell Payne
|
0-0: Called Strike 0-1: Foul Ball, location: 2F 0-2: Ball 1-2: Ball 2-2: Foul Ball, location: 2F 2-2: Ball 3-2: Strikes out swinging
|
Batting: RHB Dave Hall
|
0-0: Foul Ball, location: 2F 0-1: Ball 1-1: Fielders Choice at 2nd, 5-4 (Groundball, 56)
|
Bottom of the 6th over - 0 run(s), 1 hit(s), 0 error(s), 0 left on base; West Virginia 8 - Gainesville 10 |
TOP OF THE 7TH |
West Virginia Power batting - Pitching for Gainesville Guidos : RHP Matt Johnston
|
Pitching: RHP Josh Higgins
|
|
Batting: RHB Luis Quezada
|
0-0: Ball 1-0: Ball 2-0: Called Strike 2-1: Fly out, F7 (Flyball, 7)
|
Batting: RHB Javier Peña
|
0-0: Ball 1-0: Ground out 6-3 (Groundball, 6)
|
Batting: LHB Phil Neal
|
0-0: Ball 1-0: Ball 2-0: Called Strike 2-1: Ball 3-1: Foul Ball, location: 2F 3-2: Base on Balls
|
Batting: RHB Tony Parker
|
0-0: Called Strike 0-1: SINGLE (Line Drive, 4MD) Phil Neal to second
|
Batting: LHB Wally Harris
|
0-0: Foul Ball, location: 2F 0-1: Foul Ball, location: 2F 0-2: Foul Ball, location: 2F 0-2: Ball 1-2: Foul Ball, location: 2F 1-2: Ball 2-2: Foul Ball, location: 2F 2-2: Foul Ball, location: 2F 2-2: Strikes out swinging
|
Top of the 7th over - 0 run(s), 1 hit(s), 0 error(s), 2 left on base; West Virginia 8 - Gainesville 10 |
BOTTOM OF THE 7TH |
Gainesville Guidos batting - Pitching for West Virginia Power : RHP Mark Osborne
|
Batting: RHB Kyle O'Day
|
0-0: Ball 1-0: Called Strike 1-1: Foul Ball, location: 2F 1-2: Fly out, F9 (Line Drive, 9)
|
Batting: RHB Augusto Baca
|
0-0: Called Strike 0-1: Called Strike 0-2: SINGLE (Line Drive, 8RS)
|
Batting: RHB Denver Baker
|
0-0: Grounds into double play, 6-4-3 (Groundball, 6)
|
Bottom of the 7th over - 0 run(s), 1 hit(s), 0 error(s), 0 left on base; West Virginia 8 - Gainesville 10 |
TOP OF THE 8TH |
West Virginia Power batting - Pitching for Gainesville Guidos : RHP Josh Higgins
|
Batting: SHB Waylon Adams
|
0-0: Ball 1-0: Called Strike 1-1: Ball 2-1: Ball 3-1: Base on Balls
|
Pitching: RHP Mario Tovar
|
|
Batting: LHB Júlio Martínez
|
0-0: Called Strike 0-1: Ball 1-1: Ground out 4-3 (Groundball, 34) Waylon Adams to second
|
Batting: RHB Martín López
|
0-0: Swinging Strike 0-1: Called Strike 0-2: Strikes out looking
|
Batting: LHB Burt Ward
|
0-0: Ball 1-0: Ball 2-0: Foul Ball, location: 2F 2-1: Foul Ball, location: 2F 2-2: Fly out, F9 (Flyball, 9)
|
Top of the 8th over - 0 run(s), 0 hit(s), 0 error(s), 1 left on base; West Virginia 8 - Gainesville 10 |
BOTTOM OF THE 8TH |
Gainesville Guidos batting - Pitching for West Virginia Power : RHP Mark Osborne
|
Batting: LHB Mark Owens
|
0-0: Ball 1-0: SINGLE (Line Drive, 9LS)
|
Batting: RHB Adrián López
|
0-0: Bunt missed! 0-1: Ball 1-1: Sac Bunt - play at first, batter OUT! 2-4 Mark Owens to second
|
Batting: LHB Eddy Jefferson
|
0-0: Intentional Walk
|
Pitching: RHP António Zapata
|
|
Pinch Hitting: SHB Kent Phillips
|
0-0: Called Strike 0-1: Fly out, F7 (Line Drive, 7LS)
|
Pinch Hitting: RHB Doug Coleman
|
0-0: Ball 1-0: Ball 2-0: Ball 3-0: Called Strike 3-1: Foul Ball, location: 2F 3-2: Foul Ball, location: 2F 3-2: Strikes out swinging
|
Bottom of the 8th over - 0 run(s), 1 hit(s), 0 error(s), 2 left on base; West Virginia 8 - Gainesville 10 |
TOP OF THE 9TH |
West Virginia Power batting - Pitching for Gainesville Guidos : RHP Mario Tovar
|
Pitching: RHP Víctor Viña
|
|
Now at SS: Júlio Galló
|
|
Now in CF: Mark McDonald
|
|
Batting: RHB Luis Quezada
|
0-0: Ball 1-0: Called Strike 1-1: Foul Ball, location: 2F 1-2: Ball 2-2: Ground out 6-3 (Groundball, 6)
|
Batting: RHB Javier Peña
|
0-0: Foul Ball, location: 2F 0-1: Ball 1-1: SINGLE (Groundball, 56D)
|
Batting: LHB Phil Neal
|
0-0: Foul Ball, location: 2F 0-1: Ball 1-1: Foul Ball, location: 2F 1-2: Ball 2-2: Foul Ball, location: 2F 2-2: Ball 3-2: Base on Balls Javier Peña to second
|
Batting: RHB Tony Parker
|
0-0: Ball 1-0: Called Strike 1-1: SINGLE (Groundball, 34D) Javier Peña to third Phil Neal to second Runner from 3rd tries for Home, SAFE, no throw
|
Batting: LHB Wally Harris
|
0-0: Ball 1-0: Ball 2-0: Called Strike 2-1: Ball 3-1: Called Strike 3-2: Strikes out swinging
|
Batting: SHB Waylon Adams
|
0-0: Ball 1-0: Fly out, F8 (Flyball, 8LD)
|
Top of the 9th over - 1 run(s), 2 hit(s), 0 error(s), 2 left on base; West Virginia 9 - Gainesville 10 |
|